 Dungeon Crawl Stone Soup version 0.25-a0-1007-g10a8c3caa8 (webtiles) character file.

Game seed: 9700142067686139368, levelgen mode: classic

9594 EnegeticOcto the Cleaver (level 11, -28/106 HPs)
             Began as a Deep Dwarf Fighter on May 11, 2020.
             Was an Initiate of Gozag.
             Killed from afar by a frost giant (30 damage)
             ... with a bolt of cold
             ... on level 11 of the Dungeon.
             The game lasted 00:04:44 (5575 turns).

EnegeticOcto the Cleaver (Deep Dwarf Fighter)       Turns: 5575, Time: 00:04:44

Health: -28/106    AC: 17    Str: 24    XL:     11   Next: 25%
Magic:  6/6        EV:  9    Int:  8    God:    Gozag
Gold:   950        SH: 11    Dex: 12    Spells: 10/10 levels left

rFire    . . .     SeeInvis .   a - +4 broad axe (vamp)
rCold    . . .     Gourm    .   c - +0 kite shield
rNeg     . . .     Faith    .   p - +0 plate armour
rPois    .         Spirit   .   f - +0 helmet
rElec    .         Reflect  .   s - +0 cloak
rCorr    .         Harm     .   h - +0 pair of gloves
MR       +....                  (no boots)
Stlth    ..........             (no amulet)
HPRegen  0.00/turn              (no ring)
MPRegen  0.10/turn              (no ring)

@: gold aura, non-regenerating
A: damage resistance, heal wounds, sense surroundings 2, no regeneration
a: Heal Wounds, Potion Petition, Call Merchant, Bribe Branch, Renounce Religion


You were on level 11 of the Dungeon.
You worshipped Gozag.
Gozag was pleased with you.
You were very full.

You visited 2 branches of the dungeon, and saw 12 of its levels.

You collected 1199 gold pieces.
You spent 160 gold pieces at shops.
You paid 89 gold pieces to Gozag.

Inventory:

Hand Weapons
 a - a +4 vampiric broad axe (weapon)
Missiles
 w - a throwing net (quivered)
Armour
 c - a +0 kite shield (worn)
 d - a +2 cloak
 f - a +0 helmet (worn)
 h - a +0 pair of gloves (worn)
 p - a +0 plate armour (worn)
 s - a +0 cloak (worn)
Wands
 b - a wand of clouds (4)
 o - a wand of iceblast (9)
 A - a wand of flame (19) {@v3}
 C - a wand of paralysis (9)
Scrolls
 g - 5 scrolls of teleportation {@r2}
 i - 2 scrolls of remove curse {@r6}
 x - 2 scrolls of magic mapping {@r5}
 y - a scroll of silence
Potions
 j - 4 potions of flight
 k - 4 potions of might {@q3}
 l - 2 potions of brilliance
 m - a potion of degeneration {unknown}
 n - a potion of haste {@q4}
 q - a potion of curing {@q1}
 r - a potion of ambrosia {unknown}
 t - 2 potions of lignification {unknown}
 v - a potion of mutation
 z - 4 potions of heal wounds {@q2}
Comestibles
 e - 12 rations


   Skills:
 * Level 9.0 Fighting
 * Level 10.4 Axes
 + Level 7.9 Armour
 + Level 7.1 Dodging
 + Level 7.8 Shields
 + Level 4.6 Evocations


You had 10 spell levels left.
You didn't know any spells.
Your spell library contained the following spells:

 Spells                   Type           Power        Failure   Level  Hunger
 Beastly Appendage        Tmut           #.....       100%        1    ##.....
 Foxfire                  Conj/Fire      #...         100%        1    ##.....
 Sting                    Tmut/Pois      #...         100%        1    ##.....
 Poisonous Vapours        Pois/Air       #.....       100%        2    ###....
 Sticks to Snakes         Tmut           #.......     100%        2    ###....
 Conjure Flame            Conj/Fire      #.......     100%        3    ####...
 Ignite Poison            Fire/Tmut/Pois #.......     100%        3    ####...
 Inner Flame              Hex/Fire       #.......     100%        3    ####...
 Mephitic Cloud           Conj/Pois/Air  #.......     100%        3    ####...
 Spider Form              Tmut/Pois      #.........   100%        3    ####...
 Ice Form                 Ice/Tmut       #.......     100%        4    #####..
 Olgreb's Toxic Radiance  Pois           #.......     100%        4    #####..
 Sticky Flame             Conj/Fire      #.......     100%        4    #####..
 Blade Hands              Tmut           #.........   100%        5    ######.
 Fireball                 Conj/Fire      #.........   100%        5    ######.
 Freezing Cloud           Conj/Ice/Air   #.........   100%        6    #######
 Ring of Flames           Chrm/Fire      #.........   100%        7    #######


Dungeon Overview and Level Annotations

Branches:
Dungeon (11/15)            Temple (1/1) D:6            Lair (0/6) D:10
    Orc (0/2) D:10

Altars:
Ashenzari
Cheibriados
Dithmenos
Elyvilon
Fedhas
Gozag
Hepliaklqana
Kikubaaqudgha
Makhleb
Nemelex Xobeh
Okawaru
Qazlal
Ru
Sif Muna
Trog
Uskayaw
Vehumet
Wu Jian
Xom
Yredelemnul
Zin
The Shining One

Shops:
D:4 [   D:7 *   D:8 %   D:10 !

Annotations:
D:8 1 runed translucent door, Flugslaktarn's ghost, novice MiFi
D:10 3 runed translucent doors, Zorot's ghost, novice DrVM


Innate Abilities, Weirdness & Mutations

You are resistant to damage.
You can heal yourself by infusing magical energy.
You passively map the area around you.
You do not regenerate.


Message History

The polar bear completely misses you.
A frost giant comes into view.
It is wielding the +8 frozen axe "Frostbite" {freezing cloud, *Noise +Fly rC+}.
You slash the polar bear!
You feel better.
The polar bear is heavily wounded.
You hit the rime drake.
You feel better.
The rime drake bites you but does no damage.
You block the polar bear's attack. x2
The polar bear claws you but does no damage.
The rime drake becomes distracted by the nearby gold, dreaming of imaginary riches.
The polar bear bites you but does no damage.
The polar bear claws you.
The polar bear claws you but does no damage.
Your plate armour prevents you from hitting the polar bear.
The polar bear is heavily wounded.
The rime drake hisses angrily.
You hit the rime drake.
You feel better.
The rime drake is no longer distracted by gold.
The rime drake closely misses you.
The polar bear bites you but does no damage.
The polar bear claws you but does no damage. x2
You hit the polar bear but do no damage.
The polar bear is heavily wounded.
You hit the rime drake. You block the rime drake's attack.
The polar bear bites you!
The polar bear claws you but does no damage. x2
You barely miss the polar bear.
The polar bear is heavily wounded.
You hit the rime drake. You block the rime drake's attack.
The rime drake breathes ice at you. You block the flash freeze.
You slice the rime drake!!
You kill the rime drake!
You slash the frost giant!
You feel better.
You hit the polar bear.
The polar bear is heavily wounded.
You completely miss the frost giant. The polar bear bites you.
You block the polar bear's attack. The polar bear completely misses you.
The frost giant casts a spell at you. The bolt of cold hits you!!
You slice the polar bear!!
You kill the polar bear!
You hit the frost giant.
You feel better.
The frost giant hits you with the +8 frozen axe "Frostbite" {freezing cloud, *Noise +Fly rC+}!!!
The frost giant freezes you!
You are too injured to fight recklessly!
You are too injured to fight recklessly!
You are too injured to fight recklessly!
You are too injured to fight recklessly!
You are too injured to fight recklessly!
You are too injured to fight recklessly!
You are too injured to fight recklessly!
You are too injured to fight recklessly!
You are too injured to fight recklessly!
You are too injured to fight recklessly!
You are too injured to fight recklessly!
You are too injured to fight recklessly!
You are too injured to fight recklessly!
You are too injured to fight recklessly!
You are too injured to fight recklessly!
You are too injured to fight recklessly!
You are too injured to fight recklessly!
You are too injured to fight recklessly!
You feel much better.
You are engulfed in freezing vapours.
You block the frost giant's attack.
You feel much better.
You hit the frost giant but do no damage.
The frost giant is lightly wounded.
The frost giant casts a spell at you. The bolt of cold hits you!!
An ice beast comes into view.
Your magical essence is drained by the effort!
You feel much better.
The frost giant points at you and mumbles some strange words.
The bolt of cold hits you!!!
You fail to use your ability.
The frost giant casts a spell at you. The bolt of cold hits you!!
* * * LOW HITPOINT WARNING * * *
You feel much better.
The frost giant hits you but does no damage.
Okay, then.
Your magical essence is drained by the effort!
You feel much better.
You are engulfed in freezing vapours.
The frost giant hits you with the +8 frozen axe "Frostbite" {freezing cloud, *Noise +Fly rC+}!!
* * * LOW HITPOINT WARNING * * *
The frost giant freezes you!
* * * LOW HITPOINT WARNING * * *
You feel much better.
You are engulfed in freezing vapours.
The ice beast becomes distracted by the nearby gold, dreaming of imaginary riches.
You feel much better.
You are engulfed in freezing vapours.
The frost giant gestures at you while chanting.
The bolt of cold hits you!!!
* * * LOW HITPOINT WARNING * * *
You feel much better.
You are engulfed in freezing vapours.
* * * LOW HITPOINT WARNING * * *
The ice beast is no longer distracted by gold.
The frost giant gestures at you while chanting.
The bolt of cold hits you!!
You die...
Your body crumbles into a pile of gold.

#..!....###.#.##.##.## #^
#?....(.#<..........# #...
##.$(....#...#.###.###*
#....####.$((...(#...#......#
#.........$.$....#.#.#####..#
* #...?............#.#.#, ,
...#* ##..........$....#....
, .#.. #..............$.#..#.
*.#...
#...........?@C.....#.# *
#....###.......#....# . *
#.... #.......####.# **
*#.... #...Y...# * * ..
,#....(#### , * * , * , ,
#.##..# * , ,, * * * * *
#.*#.. ,, *, * * , #.. , ,, ⌠
* ,


You could see a frost giant and an ice beast.

Vanquished Creatures
  Snorg (D:10)
  2 two-headed ogres
  A manticore (D:11)
  Maurice (D:11)
  Joseph (D:7)
  A gargoyle (D:10)
  A rime drake (D:11)
  A polar bear (D:11)
  A troll (D:9)
  5 yaks (D:10)
  A wraith (D:10)
  A hungry ghost (D:10)
  Eustachio (D:5)
  A black bear (D:11)
  2 ice beasts
  A sky beast (D:8)
  2 orc warriors (D:6)
  2 phantoms
  A necrophage (D:9)
  4 ogres
  8 centaurs
  Blork the orc (D:5)
  3 big kobolds
  3 bullfrogs
  A wyvern skeleton (D:11)
  2 scorpions
  A water moccasin skeleton (D:7)
  6 killer bees (D:10)
  6 crimson imps
  3 howler monkeys
  A quasit (D:10)
  5 hounds
  An orc priest (D:6)
  3 centaur skeletons
  6 orc wizards
  Crazy Yiuf (D:5)
  Jessica (D:2)
  4 iguanas
  8 worker ants
  11 adders
  2 shadow imps
  A white imp (D:5)
  An ooze (D:6)
  2 adder zombies (D:6)
  2 adder skeletons
  5 worms
  A dart slug (D:2)
  5 leopard geckos
  28 orcs
  A ball python (D:4)
  3 giant cockroaches
  4 goblins
  2 hobgoblins
  10 jackals
  16 kobolds
  4 quokkas
  7 bats
  4 frilled lizards
  2 quokka skeletons
  7 rats
213 creatures vanquished.

Notes
Turn   | Place    | Note
-------+----------+-------------------------------------------
     0 | D:1      | EnegeticOcto the Deep Dwarf Fighter began the quest for the
                  | Orb.
     0 | D:1      | Reached XP level 1. HP: 20/20 MP: 1/1
   112 | D:1      | Reached XP level 2. HP: 21/27 MP: 2/2
   203 | D:2      | Noticed Jessica
   205 | D:2      | Reached skill level 1 in Dodging
   205 | D:2      | Reached XP level 3. HP: 24/34 MP: 3/3
   211 | D:2      | Reached skill level 3 in Axes
   226 | D:2      | Killed Jessica
   226 | D:2      | Reached XP level 4. HP: 25/42 MP: 4/4
   404 | D:3      | Found a sacrificial altar of Ru.
   481 | D:3      | You fall into a shaft and drop 2 floors!
   481 | D:5      | Entered Level 5 of the Dungeon
   530 | D:5      | Reached XP level 5. HP: 36/49 MP: 5/5
   761 | D:4      | Found a shadowy altar of Dithmenos.
  1056 | D:4      | Found Hafuirphu's Antique Armour Boutique.
  1283 | D:5      | Noticed Blork the orc
  1315 | D:5      | Killed Blork the orc
  1315 | D:5      | Reached skill level 4 in Axes
  1315 | D:5      | Reached XP level 6. HP: 41/57 MP: 3/3
  1362 | D:5      | Found a runed translucent door.
  1363 | D:5      | Noticed Crazy Yiuf
  1598 | D:5      | HP: 2/57 [ogre/cursed -2 giant spiked club (20)]
  1850 | D:5      | Reached XP level 7. HP: 64/66 MP: 4/4
  1862 | D:5      | Noticed Eustachio
  1868 | D:5      | Killed Eustachio
  1868 | D:5      | Reached skill level 5 in Axes
  1978 | D:5      | Killed Crazy Yiuf
  2048 | D:6      | Reached skill level 5 in Fighting
  2051 | D:6      | Reached skill level 5 in Armour
  2057 | D:6      | Reached skill level 5 in Shields
  2057 | D:6      | Reached XP level 8. HP: 74/74 MP: 5/5
  2084 | D:6      | Reached skill level 6 in Axes
  2167 | D:6      | Found a burning altar of Makhleb.
  2238 | D:6      | Found a sacrificial altar of Ru.
  2292 | D:6      | Found an ancient bone altar of Kikubaaqudgha.
  2296 | D:6      | Found a shattered altar of Ashenzari.
  2298 | D:6      | Found a glowing silver altar of Zin.
  2300 | D:6      | Found a white marble altar of Elyvilon.
  2300 | D:6      | Found a snail-covered altar of Cheibriados.
  2301 | D:6      | Found a sparkling altar of Nemelex Xobeh.
  2348 | D:6      | Reached skill level 7 in Axes
  2427 | D:6      | Found a staircase to the Ecumenical Temple.
  2592 | Temple   | Entered the Ecumenical Temple
  2643 | Temple   | Became a worshipper of Gozag Ym Sagoz the Greedy
  2800 | D:7      | Gained mutation: You passively map the area around you.
                  | [Deep Dwarf growth]
  2800 | D:7      | Reached XP level 9. HP: 84/84 MP: 6/6
  2811 | D:7      | Found Giofawas's Assorted Antiques.
  2816 | D:7      | Bought a scroll labeled HAIGIAGUOPH for 32 gold pieces
  2816 | D:7      | Bought a scroll labeled TUIB LIHICISU for 32 gold pieces
  2816 | D:7      | Bought a scroll labeled ERGHAB MEOWEKAST for 32 gold pieces
  2816 | D:7      | Bought a scroll labeled SUEGHO QOTHOTIG for 32 gold pieces
  2816 | D:7      | Bought a scroll labeled VAAMNO KIUQE for 32 gold pieces
  2983 | D:7      | Noticed Joseph
  2999 | D:7      | Killed Joseph
  3066 | D:7      | Reached skill level 5 in Dodging
  3233 | D:8      | Noticed Flugslaktarn's ghost (novice MiFi)
  3238 | D:8      | Found a runed translucent door.
  3534 | D:8      | Reached skill level 8 in Axes
  3657 | D:8      | Found Usax's Food Shoppe.
  4139 | D:9      | Found a hide-covered altar of Uskayaw.
  4189 | D:9      | Noticed a two-headed ogre
  4205 | D:9      | Killed a two-headed ogre
  4244 | D:9      | Noticed a troll
  4258 | D:9      | Killed a troll
  4258 | D:9      | Reached XP level 10. HP: 75/94 MP: 6/6
  4739 | D:10     | Entered Level 10 of the Dungeon
  4801 | D:10     | Reached skill level 1 in Evocations
  4807 | D:10     | Reached skill level 9 in Axes
  4842 | D:10     | Found Wach's Distillery.
  4981 | D:10     | Found a staircase to the Orcish Mines.
  4992 | D:10     | Found a staircase to the Lair.
  5055 | D:10     | Noticed a gargoyle
  5063 | D:10     | Killed a gargoyle
  5125 | D:10     | Found a runed translucent gate.
  5125 | D:10     | Found a runed translucent gate.
  5125 | D:10     | Found a runed translucent gate.
  5126 | D:10     | Noticed a great orb of eyes
  5127 | D:10     | Noticed Snorg
  5127 | D:10     | Noticed Zorot's ghost (novice DrVM)
  5127 | D:10     | Noticed a manticore
  5141 | D:10     | Killed Snorg
  5327 | D:10     | Noticed a two-headed ogre
  5339 | D:10     | Reached skill level 10 in Axes
  5341 | D:10     | Killed a two-headed ogre
  5341 | D:10     | Reached XP level 11. HP: 68/104 MP: 8/10
  5508 | D:11     | Noticed Maurice
  5549 | D:11     | Killed Maurice
  5557 | D:11     | Noticed a frost giant
  5574 | D:11     | HP: 2/106 [frost giant/bolt of cold (48)]
  5575 | D:11     | Killed from afar by a frost giant

Illustrated notes

Levels and vault maps discovered:
D:1:      roderic_dead_forest, layout_basic, minmay_tall_x
D:2:      layout_rooms, uniq_jessica
D:3:      layout_loops_ring, nicolae_ru_path_of_blood, uniq_terence,
          uniq_sigmund
D:4:      layout_loops_cross, nicolae_dithmenos_the_darkroom, serial_shops, shop
D:5:      layout_loops_ring, first_ration, minmay_fire_ice_demons,
          uniq_crazy_yiuf_cottage, uniq_blork_the_orc, uniq_eustachio
D:6:      layout_rooms, nicolae_overflow_crystal_walls, lemuel_round_altar,
          grunt_temple_overflow_open, minmay_temple_entry_drinking_statues,
          basic_altar
D:7:      layout_cave_pools, serial_shops, shop, grunt_ogre_cave, uniq_joseph
D:8:      layout_basic, serial_shops, shop_fountains,
          hellmonk_ghost_happy_afterlife, minmay_small_thing
D:9:      layout_grid_maze, lemuel_crystal_altar, minmay_misc_feat_tiny
D:10:     layout_long_grid, dpeg_oklobed_lair, orc_0_dummy, serial_shops,
          nicolae_shop_crystal, gammafunk_ghost_split, uniq_snorg
D:11:     minmay_coctagon, layout_basic, uniq_maurice
Temple:   minmay_temple_bridge_abc

Skill      XL: |  1  2  3  4  5  6  7  8  9 10 11 |
---------------+----------------------------------+-----
Fighting       | 3 4 5 6 7 8 9 |  9.0
Dodging        | 1 2 3 4 5 6 7 |  7.1
Axes           | 3 4 5 7 8 10 | 10.4
Armour         | 4 5 6 7 |  7.9
Shields        | 4 5 6 7 |  7.8
Evocations     | 4 |  4.6

Action                   |  1- 3 |  4- 6 |  7- 9 | 10-12 || total
-------------------------+-------+-------+-------+-------++-------
Melee: War axe           |    60 |   165 |       |       ||   225
       Broad axe         |       |    52 |   281 |   172 ||   505
 Abil: Heal Wounds       |     1 |     8 |     2 |    11 ||    22
Evoke: Wand              |       |       |       |     1 ||     1
  Use: Scroll            |       |       |    16 |     4 ||    20
 Stab: Distracted        |       |       |       |     2 ||     2
       Paralysed         |       |       |       |     2 ||     2
  Eat: Chunk             |       |     4 |     3 |       ||     7
       Ration            |       |       |     2 |     5 ||     7
Armor: Scale mail        |    51 |    32 |       |       ||    83
       Plate armour      |       |    82 |   142 |   128 ||   352
Dodge: Dodged            |    37 |    53 |    70 |    76 ||   236
Block: Kite shield       |    71 |   125 |   173 |   134 ||   503

Table legend:
 A = Non-vault XP
 B = Vault XP
 C = Vault XP percentage of total XP
 D = Non-vault monster count
 E = Vault monster count
 F = Vault count percentage of total count
                 A         B        C        D         E       F
            +---------+---------+-------+---------+---------+-------
      Total |   10253 |    3453 |  25.2 |     197 |      16 |   7.5
            +---------+---------+-------+---------+---------+-------
        D:1 |       9 |       3 |  25.0 |       6 |       3 |  33.3
        D:2 |      72 |      37 |  33.9 |      23 |       1 |   4.2
        D:3 |      47 |       0 |   0.0 |      15 |       0 |   0.0
        D:4 |     105 |       0 |   0.0 |      15 |       0 |   0.0
        D:5 |     404 |     388 |  49.0 |      18 |       5 |  21.7
        D:6 |    1451 |       0 |   0.0 |      37 |       0 |   0.0
        D:7 |     417 |     591 |  58.6 |      13 |       2 |  13.3
        D:8 |     414 |     132 |  24.2 |      10 |       1 |   9.1
        D:9 |    1632 |       0 |   0.0 |      12 |       0 |   0.0
       D:10 |    4544 |    1157 |  20.3 |      41 |       1 |   2.4
       D:11 |    1158 |    1145 |  49.7 |       7 |       3 |  30.0
            +---------+---------+-------+---------+---------+-------
